 Dungeon Crawl Stone Soup version 0.15.2 (webtiles) character file.

1754 bullock the Sneak (level 9, 0/51 HPs)
             Began as an Octopode Wizard on Nov 30, 2014.
             Was a Believer of Sif Muna.
             Engulfed by their own flame (18 damage)
             ... on Level 7 of the Dungeon.
             The game lasted 00:22:33 (8018 turns).

bullock the Sneak (Octopode Wizard)                 Turns: 8018, Time: 00:22:33

HP   0/51        AC  1     Str  6      XL: 9   Next:  6%
MP  13/21        EV 12     Int 24      God: Sif Muna [**....]
Gold 375         SH  0     Dex 10      Spells:  5 memorised,  8 levels left

rFire  . . .     SeeInvis .     m - -1 dagger (curse)
rCold  . . .     Clarity  +     (no shield)
rNeg   . . .     rCorr    .     b - +0 hat
rPois  .         rRot     .     l - amulet of clarity
rElec  .         Spirit   .     (no ring)
SustAb .         Warding  .     (no ring)
rMut   .         Stasis   .     (no ring)
Gourm  .                        (no ring)
MR     .....                    (no ring)
                                (no ring)
                                (no ring)
                                (no ring)

@: repel missiles, not resistant to hostile enchantments, quite stealthy
A: almost no armour, amphibious, 8 rings, constrict 8, camouflage 1, gelatinous
body 1
a: Channel Energy, Forget Spell, Renounce Religion


You were on level 7 of the Dungeon.
You worshipped Sif Muna.
Sif Muna was pleased with you.
You were not hungry.

You visited 2 branches of the dungeon, and saw 8 of its levels.

You collected 375 gold pieces.

Inventory:

Hand weapons
 m - a cursed -1 dagger (weapon)
 s - a +1 flail of protection
Armour
 b - a +0 hat (worn)
Magical devices
 w - a wand of draining (5)
Comestibles
 d - 5 bread rations
 v - a slice of pizza
 C - 2 meat rations
 J - 3 fruits
Scrolls
 a - 4 scrolls of identify {unknown}
 f - 3 scrolls of enchant armour {unknown}
 g - a scroll of noise {unknown}
 h - 2 scrolls of immolation {unknown}
 j - 5 scrolls of remove curse {unknown}
 o - 3 scrolls of random uselessness {unknown}
 t - 2 scrolls of fog {unknown}
 x - 4 scrolls of teleportation {unknown}
 y - a scroll of enchant weapon {unknown}
 D - 2 scrolls of amnesia {unknown}
 E - a scroll of blinking {unknown}
 F - a scroll of fear {unknown}
Jewellery
 l - an amulet of clarity (around mantle)
 r - an uncursed amulet of resist mutation
Potions
 e - 7 potions of curing {unknown}
 i - 2 potions of brilliance {unknown}
 k - a potion of cure mutation {unknown}
 n - a potion of confusion {unknown}
 p - 3 potions of flight {unknown}
 q - a potion of beneficial mutation {unknown}
 u - a potion of restore abilities {unknown}
 z - 3 potions of heal wounds {unknown}
 A - a potion of cancellation {unknown}
 B - 2 potions of mutation {unknown}
 G - a potion of porridge
 H - a potion of might {unknown}
 I - 2 potions of agility {unknown}
Books
 c - a book of Minor Magic

   Spells                             Type                      Level
   *Magic Dart                        Conjuration                  1
   *Blink                             Translocation                2
   Call Imp                           Summoning                    2
   *Repel Missiles                    Charms/Air                   2
   Slow                               Hexes                        2
   *Conjure Flame                     Conjuration/Fire             3
   *Mephitic Cloud                    Conjuration/Poison/Air       3


   Skills:
 - Level 2.0 Dodging
 + Level 7.9 Stealth
 + Level 5.5 Spellcasting
 + Level 7.3 Conjurations
   Level 1.0 Summonings
 * Level 4.6 Translocations


You had 8 spell levels left.
You knew the following spells:

 Your Spells              Type           Power        Failure   Level  Hunger
a - Magic Dart            Conj           ####         1%          1    None
f - Conjure Flame         Conj/Fire      ###.....     6%          3    ##.....
q - Blink                 Tloc           N/A          1%          2    None
r - Mephitic Cloud        Conj/Pois/Air  ###.....     12%         3    ##.....
v - Repel Missiles        Chrm/Air       #.....       14%         2    None


Dungeon Overview and Level Annotations

Branches:
Dungeon (7/15)             Temple (1/1) D:4

Altars:
Ashenzari
Cheibriados
Elyvilon
Fedhas
Kikubaaqudgha
Makhleb
Nemelex Xobeh
Okawaru
Qazlal
Sif Muna
Trog
Vehumet
Xom
Yredelemnul
Zin
The Shining One


Innate Abilities, Weirdness & Mutations

You cannot wear most types of armour.
You are amphibious.
You can wear up to eight rings at the same time.
You can use your tentacles to constrict many enemies at once.
Your skin changes colour to match your surroundings (Stealth).
Your rubbery body absorbs attacks (AC +1).


Message History

Press: ? - help, Dir - move target cursor The fire roars!
The centaur skeleton is engulfed in roaring flames. x2
Casting: Conjure Flame
Confirm with . or Enter, or press ? or * to list all spells.
Aiming: Conjure Flame
Press: ? - help, Dir - move target cursor, f - centaur skeleton
Aim: a centaur skeleton
Okay, then.
You hit the centaur skeleton but do no damage.
The centaur skeleton hits you!
You hit the centaur skeleton but do no damage.
The centaur skeleton closely misses you.
Unknown command.
Casting: Conjure Flame
Confirm with . or Enter, or press ? or * to list all spells.
You blink.
You are engulfed in roaring flames.
The centaur skeleton closely misses you. x2
You are engulfed in roaring flames.
You die...

######## ##......##
#####........####?
##.......<....)..!..
#...?...§Z§@...###
....####.......#
#...$...# #.......#
#.......$.
#.........#
#....)..#. #.......#
#.....


You could see a centaur skeleton.

Vanquished Creatures
  A hill giant (D:6)
  2 centaurs
  Blork the orc (D:5)
  A gnoll sergeant (D:6)
  A giant frog (D:6)
  A hippogriff skeleton (D:5)
  A goliath beetle (D:6)
  2 crimson imps
  A hound (D:5)
  3 orc priests (D:4)
  2 centaur skeletons
  4 orc wizards
  9 worker ants
  Jessica (D:3)
  A green rat (D:3)
  A scorpion zombie (D:6)
  4 gnolls
  3 giant mites (D:3)
  10 adders
  An inept item mimic (D:2)
  3 worms
  6 giant geckos
  13 orcs
  9 bats
  9 giant cockroaches
  9 goblins
  13 hobgoblins
  13 jackals
  9 kobolds
  A quokka (D:5)
  A ball python (D:1)
  5 giant newts
  A giant newt skeleton (D:5)
  A giant newt zombie (D:5)
  A kobold skeleton (D:4)
  8 rats
  2 rat skeletons (D:4)
154 creatures vanquished.

Notes
Turn   | Place    | Note
--------------------------------------------------------------
     0 | D:1      | bullock, the Octopode Wizard, began the quest for the Orb.
     0 | D:1      | Reached XP level 1. HP: 11/11 MP: 4/4
     2 | D:1      | Noticed an elf
     4 | D:1      | Noticed a dwarf
     6 | D:1      | Noticed a felid
     6 | D:1      | Noticed a troll
     8 | D:1      | Noticed a spriggan
     8 | D:1      | Noticed a vine stalker
    10 | D:1      | Noticed a tengu
    12 | D:1      | Noticed a ghoul
    12 | D:1      | Noticed a formicid
    14 | D:1      | Noticed a centaur
    14 | D:1      | Noticed a gargoyle
    16 | D:1      | Noticed a minotaur
    18 | D:1      | Noticed a merfolk
    18 | D:1      | Noticed an ogre
    20 | D:1      | Noticed a human
    20 | D:1      | Noticed a demigod
    22 | D:1      | Noticed a draconian
    24 | D:1      | Noticed a vampire
    24 | D:1      | Noticed an octopode
    26 | D:1      | Noticed a naga
    26 | D:1      | Noticed a demonspawn
   221 | D:1      | Reached XP level 2. HP: 17/17 MP: 1/6
   604 | D:1      | Learned a level 2 spell: Blink
   607 | D:1      | Learned a level 2 spell: Repel Missiles
   851 | D:2      | Reached XP level 3. HP: 21/21 MP: 5/8
  1128 | D:2      | Found an iron altar of Okawaru.
  1134 | D:2      | Learned a level 3 spell: Conjure Flame
  1482 | D:2      | Found a burning altar of Makhleb.
  1514 | D:2      | Reached XP level 4. HP: 23/27 MP: 1/9
  1581 | D:2      | Reached skill level 4 in Stealth
  2104 | D:3      | Reached XP level 5. HP: 24/31 MP: 0/11
  2512 | D:3      | Noticed Jessica
  2524 | D:3      | Killed Jessica
  2527 | D:3      | Found a deep blue altar of Sif Muna.
  2536 | D:3      | Became a worshipper of Sif Muna the Loreminder
  3147 | D:4      | Noticed a centaur
  3155 | D:4      | Killed a centaur
  3155 | D:4      | Reached skill level 5 in Stealth
  3155 | D:4      | Reached XP level 6. HP: 25/36 MP: 3/14
  3160 | D:4      | Learned a level 3 spell: Mephitic Cloud
  3256 | D:4      | Found a staircase to the Ecumenical Temple.
  3275 | Temple   | Entered the Ecumenical Temple
  4046 | D:4      | Reached skill level 5 in Conjurations
  4046 | D:4      | Reached XP level 7. HP: 21/41 MP: 0/17
  4246 | D:4      | Reached skill level 6 in Stealth
  5070 | D:4      | Acquired Sif Muna's first power
  5209 | D:5      | Entered Level 5 of the Dungeon
  5413 | D:5      | Found a sparkling altar of Nemelex Xobeh.
  5532 | D:5      | Found a shattered altar of Ashenzari.
  5885 | D:5      | Noticed Blork the orc
  5898 | D:5      | Killed Blork the orc
  5971 | D:5      | Reached XP level 8. HP: 39/46 MP: 14/19
  6174 | D:6      | Noticed a hill giant
  6482 | D:6      | Killed a hill giant
  6482 | D:6      | Acquired Sif Muna's second power
  6482 | D:6      | Reached skill level 7 in Stealth
  6482 | D:6      | Reached skill level 5 in Spellcasting
  7374 | D:6      | Found a white marble altar of Elyvilon.
  7445 | D:6      | Reached XP level 9. HP: 39/51 MP: 17/21
  7781 | D:6      | Found a blossoming altar of Fedhas.
  8018 | D:7      | Engulfed by their own flame

Action                   |  1- 3 |  4- 6 |  7- 9 || total
-------------------------+-------+-------+-------++-------
Melee: Unarmed           |    15 |       |       ||    15
       Dagger            |    10 |    50 |    78 ||   138
 Cast: Magic Dart        |    68 |   149 |   157 ||   374
       Repel Missiles    |     3 |       |     1 ||     4
       Blink             |     1 |     5 |    11 ||    17
       Conjure Flame     |     1 |     2 |    12 ||    15
       Mephitic Cloud    |       |     3 |    11 ||    14
Evoke: Wand              |       |       |     1 ||     1
 Stab: Sleeping          |       |     5 |     5 ||    10
       Confused          |       |       |     1 ||     1
  Eat: Chunk             |     2 |     6 |    14 ||    22
       Pizza             |       |     1 |       ||     1
